 Dungeon Crawl Stone Soup version 0.31-a0-523-g071a6c1ffa (webtiles) character file.

Game seed: 2507524882242359519

34 LeprechaunX the Ruffian (level 3, -1/23 HPs)
             Began as an Octopode Shapeshifter on Aug 12, 2023.
             Slain by a hobgoblin (4 damage)
             ... on level 1 of the Dungeon.
             The game lasted 00:01:05 (1303 turns).

LeprechaunX the Ruffian (Octopode Shapeshifter)     Turns: 1303, Time: 00:01:06

Health: -1/23      AC:  1    Str: 16    XL:     3   Next: 31%
Magic:  3/3        EV: 13    Int: 10    God:
Gold:   71         SH:  0    Dex: 12    Spells: 2/2 levels left

rFire   . .          .
                       - Unarmed
rCold   . . .        (no shield)
rNeg    . . .        (helmet currently unavailable)
rPois   .            (no amulet)
rElec   .            (no ring)
rCorr   .            (no ring)
SInv    .            (no ring)
Will    .....        (no ring)
Stlth   ++           (no ring)
HPRegen 0.23/turn    (no ring)
MPRegen 0.08/turn    (no ring)
                     (no ring)

%: no passive effects
@: beast-form
A: beast (slay +2), almost no armour, amphibious, 8 rings, camouflage 1,
gelatinous body 1, (nimble swimmer 1), tentacles
a: Begin Untransformation


You were on level 1 of the Dungeon.
You were a hulking beast.
You visited 1 branch of the dungeon, and saw 2 of its levels.

You collected 71 gold pieces.

Inventory:

Jewellery
 j - a ring of fire
Talismans
 b - a beast talisman (active)
 c - a flux talisman
Scrolls
 e - a scroll of fear {unknown}
 h - a scroll of revelation {unknown}
 i - 2 scrolls of enchant armour {unknown}
Potions
 a - a potion of lignification
 d - a potion of enlightenment {unknown}
 f - 2 potions of brilliance {unknown}
 g - 2 potions of curing {unknown}


   Skills:
 + Level 1.6 Fighting
 + Level 2.4 Dodging
 + Level 3.5 Unarmed Combat
 * Level 3.2 Shapeshifting


You had 2 spell levels left.
You didn't know any spells.
Your spell library was empty.

Dungeon Overview and Level Annotations

Branches:
Dungeon (2/15)

Altars:


Innate Abilities, Weirdness & Mutations

You are a hulking beast.
Your limbs bulge with bestial killing power. (Slay +2)
You cannot wear most types of armour.
You are amphibious.
You can wear up to eight rings at the same time.
Your skin changes colour to match your surroundings (Stealth+).
Your rubbery body absorbs attacks. (AC +1, EV +1)
((You are camouflaged when in or above water. (Stealth+)))
You have tentacles for arms and can constrict up to eight enemies at once.


Message History

You squeeze the hobgoblin, but do no damage.
The hobgoblin is heavily wounded.
You constrict the hobgoblin. The bat hits you.
The bat hits you but does no damage. The hobgoblin hits you.
The kobold throws a stone.
The stone hits you.
You are too injured to fight recklessly!
You are too injured to fight recklessly!
You are too injured to fight recklessly!
You are too injured to fight recklessly!
You are too injured to fight recklessly!
You are too injured to fight recklessly!
You are too injured to fight recklessly!
You are too injured to fight recklessly!
You are too injured to fight recklessly!
You are too injured to fight recklessly!
You are too injured to fight recklessly!
You are too injured to fight recklessly!
Unknown command.
You release your grip on the hobgoblin.
The kobold attacks as you move away!
The kobold hits you with a +0 short sword.
The bat hits you. The hobgoblin hits you.
* * * LOW HITPOINT WARNING * * *
The bat barely misses you. The hobgoblin attacks as you move away!
The hobgoblin closely misses you.
The kobold hits you with a +0 short sword.
* * * LOW HITPOINT WARNING * * *
The bat barely misses you. The hobgoblin attacks as you move away!
The hobgoblin completely misses you. The kobold attacks as you move away!
The kobold misses you. The bat hits you but does no damage.
There is a stone staircase leading up here.
Unknown command.
The hobgoblin barely misses you. The bat closely misses you.
You climb upwards.
There is a stone staircase leading down here.
Unknown command.
You barely miss the hobgoblin. Your grab misses the hobgoblin.
The hobgoblin is heavily wounded.
The hobgoblin hits you.
You die...

###### #.# .....# #.# ####.#####
#.# ##.......###### #.#
..............##### #.#
##.#.##....##.....# #.#
##.#..#.....#.....# #.#
...#........#.....# #.#
...#...#.#..#...h.# #.#
..##...#.#..#....g###########.#
####...#.#....................#
####...#.##.#.#################
............#.#
.############.###################
.................................
..###########.###################
..# #....#..........>..# #


You could see a hobgoblin.

Vanquished Creatures
  3 bats
  5 endoplasms (D:1)
  2 giant cockroaches (D:1)
  3 goblins
  5 hobgoblins
  2 jackals (D:1)
  2 kobolds
  A ball python (D:1)
  3 frilled lizards (D:1)
  2 rats
28 creatures vanquished.

Notes
Turn   | Place    | Note
-------+----------+-------------------------------------------
     0 | D:1      | LeprechaunX the Octopode Shapeshifter began the quest for
                  | the Orb.
     0 | D:1      | Reached XP level 1. HP: 13/13 MP: 1/1
   118 | D:1      | Reached XP level 2. HP: 13/18 MP: 2/2
   406 | D:1      | Reached XP level 3. HP: 17/23 MP: 3/3
  1303 | D:1      | Slain by a hobgoblin

Illustrated notes

Levels and vault maps discovered:
D:1:      lightli_arrival_lavapool, layout_basic
D:2:      layout_rooms, uniq_crazy_yiuf_cottage

Action                     || total
---------------------------++-------
  Melee: Unarmed           ||    50
         Tentacles         ||    12
         Constrict         ||    12
         Punch             ||     1
   Stab: Sleeping          ||     3
 Armour: Skin              ||     7
  Dodge: Dodged            ||    29

Table legend: (Time is in decaauts)
 A = Elapsed time spent in this place.
 B = Non-inter-level travel time spent in this place.
 C = Inter-level travel time spent in this place.
 D = Time resting spent in this place.
 E = Time spent auto-exploring this place.
 F = Levels seen in this place.
 G = Mean time per level.
                   A        B        C        D        E       F      G
               +--------+--------+--------+--------+--------+-----+--------+
         Total |   1300 |   1274 |     26 |      0 |   1108 |   2 |  650.0 |
       Dungeon |   1300 |   1274 |     26 |      0 |   1108 |   2 |  650.0 |
               +--------+--------+--------+--------+--------+-----+--------+

Top non-repeatable levels by time:
     D:1: 1216 daAuts
     D:2: 84 daAuts
